 Dungeon Crawl Stone Soup version 0.20-a0-351-gc9b4002 (webtiles) character file.

28 azazello the Magician (level 2, 0/19 HPs)
             Began as a Mummy Wizard on Dec 25, 2016.
             Slain by a gnoll (7 damage)
             ... on level 1 of the Dungeon.
             The game lasted 00:04:12 (1057 turns).

azazello the Magician (Mummy Wizard)                Turns: 1057, Time: 00:04:12

Health: 0/19       AC:  2    Str: 10    XL:     2   Next: 96%
Magic:  3/7        EV: 12    Int: 17    God:
Gold:   102        SH:  0    Dex: 10    Spells: 4/9 levels left

rFire  x . .     SeeInvis .     f - +0 short sword
rCold  + . .     Gourm    .     a - +0 robe
rNeg   + + +     Faith    .     (no shield)
rPois  ∞         Spirit   .     b - +0 hat
rElec  .         Reflect  .     (no cloak)
rCorr  .         Harm     .     (no gloves)
MR     .....                    (no boots)
Stlth  ++........               (no amulet)
                                (no ring)
                                (no ring)

@: very slightly contaminated, repel missiles
A: no food or potions, fire vulnerability, cold resistance 1, negative energy
resistance 3, torment resistance, unbreathing
a: no special abilities


You were on level 1 of the Dungeon.
You were not hungry.

You visited 1 branch of the dungeon, and saw 2 of its levels.

You collected 102 gold pieces.

Inventory:

Hand Weapons
 f - a +0 short sword (weapon)
 g - a +0 club
 q - a +0 hunting sling
Missiles
 e - 8 stones (quivered)
 h - 20 bolts
 n - 21 poisoned needles
 o - 10 sling bullets
Armour
 a - a +0 robe (worn)
 b - a +0 hat (worn)
 l - a +0 ring mail
Scrolls
 d - a scroll of blinking {unknown}
 i - a scroll of immolation {unknown}
 j - a scroll of magic mapping {unknown}
 k - a scroll of remove curse {unknown}
 m - a scroll of identify {unknown}
 p - a scroll of noise {unknown}
Books
 c - a book of Minor Magic

   Spells                             Type                      Level
   a - Magic Dart                     Conjuration                  1
   b - Blink                          Translocation                2
   c - Call Imp                       Summoning                    2
   d - Repel Missiles                 Charms/Air                   2
   e - Slow                           Hexes                        2
   f - Conjure Flame                  Conjuration/Fire             3
   g - Mephitic Cloud                 Conjuration/Poison/Air       3


   Skills:
 - Level 1.5 Dodging
 - Level 1.5 Stealth
 - Level 4.0 Spellcasting
 + Level 2.4 Conjurations
   Level 0.7 Summonings
 - Level 0.7 Translocations


You had 4 spell levels left.
You knew the following spells:

 Your Spells              Type           Power        Failure   Level  Hunger
a - Magic Dart            Conj           ##..         10%         1    N/A
b - Blink                 Tloc           N/A          21%         2    N/A
c - Repel Missiles        Chrm/Air       #.....       24%         2    N/A

Dungeon Overview and Level Annotations

Branches:
Dungeon (2/15)

Altars:


Innate Abilities, Weirdness & Mutations

You do not eat or drink.
Your flesh is vulnerable to fire.
You are immune to poison.
Your flesh is cold resistant. (rC+)
You are immune to negative energy. (rN+++)
You are immune to unholy pain and torment.
You can survive without breathing.


Message History

Okay, then.
The gnoll hits you.
You climb upwards.
There is a stone staircase leading down here.
Casting: Magic Dart
Confirm with . or Enter, or press ? or * to list all spells.
Aiming: Magic Dart
Press: ? - help, Shift-Dir - straight line, f - gnoll
Aim: a gnoll The magic dart hits the gnoll.
The gnoll is lightly wounded.
The gnoll hits you!
* * * LOW HITPOINT WARNING * * *
There is a stone staircase leading down here.
Casting: Magic Dart
Confirm with . or Enter, or press ? or * to list all spells.
You miscast Blink.
You are very lightly contaminated with residual magic.
Nothing appears to happen.
The gnoll hits you!
You die...

≈≈≈P♣##
###...............#
P≈≈≈P≈#
#.........#########
≈≈≈P♣♣# #.........#
≈≈≈≈♣ #......#..#
≈P♣♣♣ #......#.>#
≈P♣ #......##.#
P♣♣♣# #......##.#
≈♣♣.######......##.#
♣P..'...........@g.#
≈...######......####
....# ######## '####
.# .# ##


You could see a gnoll.

Vanquished Creatures
  3 dart slugs (D:1)
  A giant cockroach (D:1)
  2 goblins
  4 hobgoblins (D:1)
  5 kobolds (D:1)
  2 bats (D:1)
  A frilled lizard (D:1)
  2 rats (D:1)
20 creatures vanquished.

Notes
Turn   | Place    | Note
-------+----------+-------------------------------------------
     0 | D:1      | azazello the Mummy Wizard began the quest for the Orb.
     0 | D:1      | Reached XP level 1. HP: 13/13 MP: 5/5
    20 | D:1      | Reached skill level 1 in Conjurations
   347 | D:1      | Reached XP level 2. HP: 19/19 MP: 5/7
   950 | D:1      | Learned a level 2 spell: Blink
   953 | D:1      | Learned a level 2 spell: Repel Missiles
  1057 | D:1      | Slain by a gnoll

Vault maps used:
D:1:      ncdulo_halloftheorcs, serial_bayou_lagoon_b
D:2:      led_sif_pool, uniq_jessica, uniq_crazy_yiuf_cottage, uniq_robin

Skill      XL: |  1  2 |
---------------+-------+-----
Conjurations   | 1 2 |  2.4
Dodging        | |  1.5
Stealth        | |  1.5
Spellcasting   | |  4.0
Summonings     | |  0.7
Translocations | |  0.7

Action                   || total
-------------------------++-------
Melee: Short sword       ||    15
 Cast: Magic Dart        ||    55
       Repel Missiles    ||     1
 Stab: Sleeping          ||     2
Armor: Robe              ||    12
Dodge: Dodged            ||    15
